 Dungeon Crawl Stone Soup version 0.24.0-13-gcf9b3192b9 (webtiles) character file.

Game seed: 14426822906968066943, levelgen mode: deterministic

1661 roguesci the Cudgeler (level 9, -3/55 HPs)
             Began as a Gargoyle Fighter on Nov 8, 2019.
             Was a Believer of Uskayaw.
             Killed by divine providence
             ... invoked by an orc priest
              (9 damage)
             ... on level 7 of the Dungeon.
             The game lasted 00:13:24 (4974 turns).

roguesci the Cudgeler (Gargoyle Fighter)            Turns: 4974, Time: 00:13:24

Health: -3/55      AC: 21    Str: 23    XL:     9   Next: 0%
Magic:  9/9        EV:  5    Int:  9    God:    Uskayaw [**....]
Gold:   97         SH: 10    Dex:  9    Spells: 6/8 levels left

rFire    . . .     SeeInvis .   a - +0 flail
rCold    . . .     Gourm    .   c - +0 shield
rNeg     + + .     Faith    .   C - +0 plate armour
rPois    ∞         Spirit   .   (no helmet)
rElec    +         Reflect  .   v - +0 cloak
rCorr    .         Harm     .   (no gloves)
MR       .....                  k - +0 pair of boots
Stlth    ..........             j - amulet of regeneration
HPRegen  0.58/turn              e - ring of positive energy
MPRegen  0.11/turn              g - ring of stealth

@: hasted, very quick
A: negative energy resistance 1, electricity resistance, unbreathing,
petrification resistance, rot immunity, AC +6
a: Stomp, Line Pass, Renounce Religion


You were on level 7 of the Dungeon.
You worshipped Uskayaw.
Uskayaw was noncommittal.
You were not hungry.

You visited 2 branches of the dungeon, and saw 8 of its levels.

You collected 322 gold pieces.
You spent 225 gold pieces at shops.

Inventory:

Hand Weapons
 a - a +0 flail (weapon)
Armour
 c - a +0 shield (worn)
 d - the +4 ring mail of Impressiveness {rCorr Int+3}
   (You bought it in a shop on level 5 of the Dungeon)

   It affects your intelligence (+3).
   It provides partial protection from all sources of acid and corrosion.
 k - a +0 pair of boots (worn)
 v - a +0 cloak (worn)
 C - a +0 plate armour (worn)
Jewellery
 e - a ring of positive energy (left hand)
 g - a ring of stealth (right hand)
 j - an amulet of regeneration (around neck)
 m - an uncursed amulet of harm {unknown}
 G - an uncursed ring of wizardry {unknown}
Wands
 B - a wand of flame (1)
 D - a wand of polymorph (7)
 I - a wand of digging (6)
Scrolls
 h - 4 scrolls of identify {unknown}
 i - a scroll of fog {unknown}
 l - 4 scrolls of remove curse {unknown}
 n - a scroll of immolation {unknown}
 p - 2 scrolls of fear {unknown}
 q - 2 scrolls of teleportation {unknown}
 w - 2 scrolls of blinking {unknown}
 y - 2 scrolls of magic mapping {unknown}
 A - a scroll of enchant armour {unknown}
 E - 2 scrolls of amnesia {unknown}
Potions
 b - a potion of cancellation {unknown}
 r - 2 potions of heal wounds {unknown}
 s - a potion of berserk rage {unknown}
 t - a potion of mutation {unknown}
 u - 2 potions of agility {unknown}
 x - 2 potions of brilliance {unknown}
 z - a potion of flight {unknown}
 F - a potion of curing {unknown}
Comestibles
 f - 14 rations
 H - 4 chunks of flesh


   Skills:
 + Level 5.7 Fighting
 * Level 7.7 Maces & Flails
 + Level 6.0 Armour
 - Level 2.0 Dodging
 + Level 5.9 Shields


You had 6 spell levels left.
You knew the following spells:

 Your Spells              Type           Power        Failure   Level  Hunger
a - Blink                 Tloc           N/A          100%        2    ###....

Your spell library contained the following spells:

 Spells                   Type           Power        Failure   Level  Hunger
 Magic Dart               Conj           #...         100%        1    ##.....
 Call Imp                 Summ           #.......     100%        2    ###....
 Slow                     Hex            #.......     100%        2    ###....
 Conjure Flame            Conj/Fire      #.......     100%        3    ####...
 Mephitic Cloud           Conj/Pois/Air  #.......     100%        3    ####...


Dungeon Overview and Level Annotations

Branches:
Dungeon (7/15)             Temple (1/1) D:6

Altars:
Makhleb
Ru
Sif Muna
Uskayaw
Vehumet
Zin

Shops:
D:5 *


Innate Abilities, Weirdness & Mutations

You are resistant to torment.
Your stone body is resilient. (AC +6)
You are immune to poison.
You resist negative energy. (rN+)
You are resistant to electric shocks. (rElec)
You can survive without breathing.
You are immune to petrification.
You are immune to rotting.


Message History

* * * LOW HITPOINT WARNING * * *
You block the orc's attack.
You sock the orc warrior!
You kill the orc warrior!
Your Armour skill increases to level 6!
You have reached level 9!
Your experience leads to an increase in your attributes!
Increase (S)trength, (I)ntelligence, or (D)exterity?
You feel stronger. You block the orc priest's attack.
You block the orc's attack.
It was a potion of haste.
You feel yourself speed up. You block the orc priest's attack.
The orc hits you but does no damage.
You feel as though your hastened speed will last longer.
The orc priest hits you but does no damage.
Okay, then.
Your plate armour prevents you from hitting the orc priest.
The orc barely misses you.
The orc priest calls down the wrath of Beogh upon you.
Beogh smites you!
You die...

...........#####.###.###
......................<.
.........#######.#...#.#
#...................#..
#.####.########.....#.#
#...........#........#.#
#..#...>.............+..
#..#.###.#.<#.##.....#+#
#.....o@..............
#.....)#o...#... .
#......#....# .. ..
#......#....# . ..
.......#.##.# ..
.##....... ..( ..
.....### .... ##.... ##


You could see an orc priest and an orc.

Vanquished Creatures
  Eustachio (D:5)
  An orc warrior (D:7)
  A sky beast (D:7)
  A necrophage (D:6)
  2 ogres
  A centaur (D:6)
  2 bullfrogs
  3 scorpions
  A howler monkey (D:4)
  3 crimson imps
  3 hounds
  A jelly (D:5)
  2 orc priests (D:6)
  3 centaur skeletons
  An iguana (D:5)
  3 orc wizards
  2 worker ants
  5 adders
  An ooze (D:1)
  An adder skeleton (D:3)
  An adder zombie (D:3)
  A worm (D:4)
  3 dart slugs (D:1)
  A leopard gecko (D:4)
  16 orcs
  2 ball pythons
  3 giant cockroaches
  6 goblins
  8 hobgoblins
  10 jackals
  4 quokkas
  7 bats
  13 frilled lizards
  6 kobolds
  A quokka skeleton (D:3)
  5 rats
125 creatures vanquished.

Notes
Turn   | Place    | Note
-------+----------+-------------------------------------------
     0 | D:1      | roguesci the Gargoyle Fighter began the quest for the Orb.
     0 | D:1      | Reached XP level 1. HP: 14/14 MP: 1/1
    95 | D:1      | Reached XP level 2. HP: 19/19 MP: 2/2
   459 | D:1      | Reached XP level 3. HP: 23/23 MP: 3/3
  1270 | D:2      | Reached skill level 3 in Maces & Flails
  1270 | D:2      | Reached XP level 4. HP: 28/28 MP: 4/4
  2110 | D:3      | Reached XP level 5. HP: 32/32 MP: 5/5
  2115 | D:3      | Reached skill level 4 in Maces & Flails
  2392 | D:4      | Reached skill level 5 in Maces & Flails
  2392 | D:4      | Reached XP level 6. HP: 37/37 MP: 6/6
  2517 | D:4      | Reached skill level 1 in Dodging
  2923 | D:5      | Entered Level 5 of the Dungeon
  2967 | D:5      | Reached XP level 7. HP: 43/43 MP: 7/7
  3118 | D:5      | Learned a level 2 spell: Blink
  3288 | D:5      | Found Koj Iqiv's Assorted Antiques.
  3291 | D:5      | Bought a faintly humming ring mail for 225 gold pieces
  3301 | D:5      | Identified the +4 ring mail of Impressiveness {rCorr Int+3}
                  | (You bought it in a shop on level 5 of the Dungeon)
  3393 | D:5      | Found a burning altar of Makhleb.
  3394 | D:5      | Found a radiant altar of Vehumet.
  3555 | D:5      | Reached skill level 6 in Maces & Flails
  3873 | D:6      | Reached skill level 5 in Armour
  3882 | D:6      | Reached XP level 8. HP: 48/48 MP: 8/8
  3902 | D:6      | Reached skill level 5 in Shields
  3985 | D:6      | Noticed Eustachio
  3992 | D:6      | Found a staircase to the Ecumenical Temple.
  4375 | D:5      | Killed Eustachio
  4375 | D:5      | Reached skill level 5 in Fighting
  4375 | D:5      | Reached skill level 7 in Maces & Flails
  4513 | Temple   | Entered the Ecumenical Temple
  4529 | Temple   | Became a worshipper of Uskayaw the Reveler
  4839 | D:7      | Reached * piety under Uskayaw
  4843 | D:7      | Reached ** piety under Uskayaw
  4971 | D:7      | Reached XP level 9. HP: 4/55 MP: 9/9
  4974 | D:7      | Killed from afar by an orc priest

Levels and vault maps discovered:
D:1:      saegor_arrival_miasma, layout_loops_corners
D:2:      lemuel_upstairs_altar, layout_loops_cross, first_ration
D:3:      layout_loops_ring, serial_undead, serial_undead_e, serial_undead_e,
          serial_undead_a, serial_undead_c
D:4:      layout_basic, kennysheep_decorative_pillar
D:5:      layout_cave_pools, grunt_temple_overflow_lords_of_destruction,
          serial_shops, kennysheep_mini
D:6:      layout_cave_pools, minmay_temple_entry_slanted, uniq_eustachio
D:7:      layout_basic, nicolae_overflow_crystal_walls
Temple:   jpeg_temple_clearing

Skill      XL: |  1  2  3  4  5  6  7  8 |
---------------+-------------------------+-----
Armour         | 4 5 6 |  6.0
Maces & Flails | 3 5 6 7 |  7.7
Shields        | 4 5 |  5.9
Dodging        | 1 2 |  2.0
Fighting       | 4 5 |  5.7

Action                   |  1- 3 |  4- 6 |  7- 9 || total
-------------------------+-------+-------+-------++-------
Melee: Flail             |   145 |   208 |   244 ||   597
  Use: Potion            |       |       |     3 ||     3
  Eat: Chunk             |     1 |     6 |     4 ||    11
       Ration            |       |       |     1 ||     1
Armor: Scale mail        |    93 |   121 |    38 ||   252
       Ring mail         |       |       |   125 ||   125
       Plate armour      |       |       |    34 ||    34
Dodge: Dodged            |    46 |    74 |   109 ||   229
Block: Shield            |    83 |   111 |   187 ||   381
